 Dungeon Crawl Stone Soup version 0.27-a0-972-gd1521fd518 (webtiles) character file.

Game seed: 14039447252500215997

98 kae the Ruffian (level 4, -3/34 (36) HPs)
             Began as a Draconian Transmuter on Apr 13, 2021.
             Slain by a wight
             ... wielding a +0 dire flail
              (16 damage)
             ... on level 3 of the Dungeon.
             The game lasted 00:01:41 (3760 turns).

kae the Ruffian (Draconian Transmuter)              Turns: 3760, Time: 00:01:41

HP:   -3/34 (36)    AC:  5    Str: 13    XL:     4   Next: 44%
MP:   2/7           EV: 12    Int: 13    God:
Gold: 163           SH:  0    Dex: 12    Spells: 3/7 levels left

rFire    . . .     SeeInvis .     - Unarmed
rCold    . . .     Faith    .   (no shield)
rNeg     . . .     Spirit   .   (armour unavailable)
rPois    .         Reflect  .   (helmet restricted)
rElec    .         Harm     .   c - scarf {repulsion}
rCorr    .         Rampage  .   (no gloves)
Will     .....                  (no boots)
Stlth    ++........             (no amulet)
HPRegen  0.11/turn              (no ring)
MPRegen  0.10/turn              (no ring)

@: very slightly contaminated, drained, repel missiles
A: AC +5, unfitting armour, cold-blooded
a: no special abilities


You were on level 3 of the Dungeon.
You visited 1 branch of the dungeon, and saw 4 of its levels.

You collected 163 gold pieces.

Inventory:

Armour
 c - a scarf of repulsion (worn)
Jewellery
 e - an amulet of the acrobat
Wands
 g - a wand of acid (8)
Scrolls
 f - a scroll of identify {unknown}
Potions
 a - a potion of might {unknown}
 b - 2 potions of magic {unknown}
 d - 3 potions of curing {unknown}
 h - a potion of mutation {unknown}
 i - a potion of heal wounds {unknown}
 j - a potion of haste {unknown}


   Skills:
 + Level 1.8 Fighting
 + Level 2.1 Dodging
 + Level 1.0 Stealth
 * Level 3.7 Unarmed Combat
 + Level 2.4 Spellcasting
 * Level 2.8 Transmutations
 * Level 0.5 Poison Magic


You had 3 spell levels left.
You knew the following spells:

 Your Spells              Type           Power      Damage    Failure   Level
a - Beastly Appendage     Tmut           16%        N/A       8%          1
b - Spider Form           Tmut/Pois      2%         N/A       36%         3

Your spell library contained the following spells:

 Spells                   Type           Power      Damage    Failure   Level
 Wereblood                Tmut           8%         N/A       12%         2
 Ice Form                 Ice/Tmut       5%         N/A       80%         4
 Hydra Form               Tmut           4%         N/A       91%         5


Dungeon Overview and Level Annotations

Branches:
Dungeon (4/15)
 Temple: D:4-7

Altars:
Yredelemnul

Shops:
D:1 (

Annotations:
D:3 1 runed translucent door, Crazy Yiuf


Innate Abilities, Weirdness & Mutations

Your plain brown scales are hard. (AC +5)
You cannot fit into any form of body armour.
You are cold-blooded and may be slowed by cold attacks.


Message History

Your transformation has ended.
Your scarf of repulsion unmelds from your body.
You are surrounded by a repulsion field.
The wight barely misses you.
You hit the wight.
The wight is moderately damaged.
The wight misses you.
You hit the wight.
The wight is heavily damaged.
The wight misses you.
You completely miss the wight.
The wight is heavily damaged.
The wight barely misses you.
You barely miss the wight.
The wight is heavily damaged.
The wight closely misses you.
You barely miss the wight.
The wight is heavily damaged.
The wight misses you.
You closely miss the wight.
The wight is heavily damaged.
The wight hits you with a +0 dire flail!
Casting: Spider Form (quite dangerous; 36% risk of failure)
Confirm with . or Enter, or press ? or * to list all spells.
The spell is quite dangerous to cast (36% risk of failure)!
Continue anyway? [Y]es or [N]o only, please.
The spell is quite dangerous to cast (36% risk of failure)!
Continue anyway?
You miscast Spider Form.
You are very lightly contaminated with residual magic.
Nothing appears to happen.
The wight barely misses you.
You hit the wight but do no damage.
The wight is heavily damaged.
The wight barely misses you.
You closely miss the wight.
The wight is heavily damaged.
The wight completely misses you.
You hit the wight but do no damage.
The wight is heavily damaged.
The wight hits you with a +0 dire flail!
You die...

#.# #......##.# #.
##.###......##.# ############.
#...........##.# #..........#.
########.#####.# #..........#.
#.# #.# #..........#. #.# #.#
#..........#. #.# #.#
#..........## #.# #.#
#..........# ########.# #@#
#..........# #....†...#
#z####..........##
##.###########z................
#.# #..........#..........##
#.# #.#####.##.#..........# #.#
##.## ####.############# #.#
#...#######.# #....... #.#
#...<.......# #.###### #.#
#...##############.######


You could see 2 wights.

Vanquished Creatures
  2 adders (D:3)
  An ufetubus (D:3)
  2 worms (D:2)
  3 dart slugs
  An orc (D:3)
  7 bats
  6 endoplasms
  2 giant cockroaches (D:1)
  11 hobgoblins
  8 jackals (D:1)
  2 kobolds
  3 quokkas
  3 ball pythons
  2 frilled lizards
  4 rats
57 creatures vanquished.

Notes
Turn   | Place    | Note
-------+----------+-------------------------------------------
     0 | D:1      | kae the Draconian Transmuter began the quest for the Orb.
     0 | D:1      | Reached XP level 1. HP: 16/16 MP: 3/3
   121 | D:1      | Reached XP level 2. HP: 23/23 MP: 3/5
   529 | D:1      | Found Futt's Weapon Emporium.
   726 | D:1      | Reached XP level 3. HP: 8/28 MP: 4/6
  2087 | D:2      | Learned a level 3 spell: Spider Form
  2289 | D:2      | Found a faded altar of an unknown god.
  2729 | D:3      | Reached XP level 4. HP: 36/36 MP: 5/7
  2943 | D:3      | Found a basalt altar of Yredelemnul.
  2970 | D:3      | Found a runed translucent door.
  2971 | D:3      | Noticed Crazy Yiuf
  3319 | D:3      | Reached skill level 1 in Stealth
  3760 | D:3      | Slain by a wight

Illustrated notes

Levels and vault maps discovered:
D:1:      dpeg_arrival_round_b, layout_loops_ring, serial_shops,
          nicolae_shop_stone
D:2:      layout_basic, hellmonk_ecumenical_altar_run_dry
D:3:      layout_basic, general_overflow_altar, uniq_crazy_yiuf_cottage
D:4:      layout_basic, lemuel_round_altar

Skill      XL: |  1  2  3  4 |
---------------+-------------+-----
Dodging        | 2 |  2.1
Stealth        | 1 |  1.0
Fighting       | |  1.8
Unarmed Combat | |  3.7
Spellcasting   | |  2.4
Transmutations | |  2.8
Poison Magic   | |  0.5

Action                   |  1- 3 |  4- 6 || total
-------------------------+-------+-------++-------
Melee: Unarmed           |   178 |    48 ||   226
       Headbutt          |    17 |     4 ||    21
       Kick              |    21 |     4 ||    25
       Tailslap          |    12 |     2 ||    14
       Punch             |       |     1 ||     1
 Cast: Beastly Appendage |    27 |     5 ||    32
       Spider Form       |       |     1 ||     1
  Use: Scroll            |     2 |       ||     2
 Stab: Sleeping          |     2 |       ||     2
Armor: Skin              |    57 |    21 ||    78
Dodge: Dodged            |   124 |    42 ||   166
       Repelled          |     1 |       ||     1

Table legend: (Time is in decaauts)
 A = Elapsed time spent in this place.
 B = Non-inter-level travel time spent in this place.
 C = Inter-level travel time spent in this place.
 D = Time resting spent in this place.
 E = Time spent auto-exploring this place.
 F = Levels seen in this place.
 G = Mean time per level.
                   A        B        C        D        E       F      G
               +--------+--------+--------+--------+--------+-----+--------+
         Total |   3746 |   3628 |    118 |    229 |   2924 |   4 |  936.5 |
       Dungeon |   3746 |   3628 |    118 |    229 |   2924 |   4 |  936.5 |
               +--------+--------+--------+--------+--------+-----+--------+

Top non-repeatable levels by time:
     D:1: 1515 daAuts
     D:3: 1218 daAuts
     D:2: 981 daAuts
     D:4: 30 daAuts
